 Dungeon Crawl Stone Soup version 0.30-a0-757-ga6a79fd877 (webtiles) character file.

Game seed: 9239935591178855931

381 testman the Stinger (level 6, -2/41 HPs)
             Began as a Demonspawn Venom Mage on Feb 9, 2023.
             Was an Initiate of Makhleb.
             Killed by divine providence
             ... invoked by an orc priest
              (13 damage)
             ... on level 5 of the Dungeon.
             The game lasted 00:13:59 (3421 turns).

testman the Stinger (Demonspawn Venom Mage)         Turns: 3421, Time: 00:13:59

Health: -2/41      AC: 14    Str:  8    XL:     6   Next: 46%
Magic:  14/20      EV: 11    Int: 18    God:    Makhleb [......]
Gold:   212        SH:  4    Dex: 14    Spells: 1/11 levels left

rFire   . . .      SeeInvis .    j - +2 short sword (venom)
rCold   . . .      Faith    .    (no shield)
rNeg    . . .      Spirit   .    z - +3 leather armour
rPois   .          Reflect  .    (no helmet)
rElec   .          Harm     .    x - +0 cloak
rCorr   .          Rampage  .    (no gloves)
Will    .....                    (no boots)
Stlth   ++                       (no amulet)
HPRegen 0.26/turn                D - +4 ring of protection
MPRegen 0.17/turn                n - ring of magical power

@: very slightly contaminated
A: icy blue scales 2, condensation shield, weakness stinger 2
a: Renounce Religion


You were on level 5 of the Dungeon.
You worshipped Makhleb.
Makhleb was noncommittal.
You visited 1 branch of the dungeon, and saw 5 of its levels.

You collected 212 gold pieces.

Inventory:

Hand Weapons
 d - a +0 short sword
 g - a +0 whip
 j - a +2 short sword of venom (weapon)
 q - a +1 short sword of electrocution
Missiles
 c - 3 boomerangs
 m - 6 curare-tipped darts
 s - 6 poisoned darts
Armour
 a - a +0 robe
 x - a +0 cloak (worn)
 z - a +3 leather armour (worn)
Jewellery
 f - a ring of see invisible
 n - a ring of magical power (right hand)
 D - a +4 ring of protection (left hand)
Wands
 F - a wand of light (4)
Scrolls
 e - a scroll of enchant weapon {unknown}
 h - 2 scrolls of teleportation {unknown}
 i - a scroll of blinking {unknown}
 k - 2 scrolls of poison {unknown}
 o - 10 scrolls of identify {unknown}
 p - 2 scrolls of vulnerability {unknown}
 t - 2 scrolls of enchant armour {unknown}
 w - a scroll of butterflies {unknown}
 y - 2 scrolls of immolation {unknown}
 A - 2 scrolls of torment {unknown}
Potions
 b - a potion of magic
 l - a potion of experience {unknown}
 r - 2 potions of heal wounds {unknown}
 u - 2 potions of lignification {unknown}
 v - a potion of berserk rage {unknown}
 B - a potion of curing
 C - a potion of attraction {unknown}
 E - 2 potions of ambrosia {unknown}


   Skills:
 - Level 1.7 Dodging
 - Level 1.7 Stealth
 + Level 3.4 Spellcasting
 + Level 2.8 Conjurations
 - Level 1.0 Transmutations
 + Level 2.6 Air Magic
 + Level 4.3 Poison Magic
 + Level 2.2 Invocations


You had one spell level left.
You knew the following spells:

 Your Spells              Type           Power      Damage    Failure   Level
a - Sting                 Tmut/Pois      48%        1d5       8%          1
b - Poisonous Vapours     Pois/Air       30%        N/A       9%          2
c - Mephitic Cloud        Conj/Pois/Air  14%        N/A       19%         3
d - Olgreb's Toxic Radia  Pois           18%        N/A       36%         4

Your spell library contained the following spells:

 Spells                   Type           Power      Damage    Failure   Level
 Freeze                   Ice            12%        1d3       22%         1
 Necrotise                Necr           12%        1d4       22%         1
 Summon Small Mammal      Summ           12%        N/A       22%         1
 Hailstorm                Conj/Ice       8%         3d4       36%         3
 Call Canine Familiar     Summ           3%         N/A       56%         3
 Frozen Ramparts          Ice            6%         1d1       56%         3
 Summon Guardian Golem    Hex/Summ       3%         N/A       56%         3
 Vampiric Draining        Necr           3%         2d6       56%         3
 Agony                    Necr           3%         N/A       99%         5


Dungeon Overview and Level Annotations

Branches:
Dungeon (5/15)
 Temple: D:4-7

Altars:
Makhleb
Ru


Innate Abilities, Weirdness & Mutations

You are mostly covered in icy blue scales. (AC +3)
A meltable shield of frost defends you. (SH +4)
You have a tail ending in a sharp stinger.


Message History

Press: ? - help, Shift-Dir - straight line The ball explodes into a vile cloud!
The stinking cloud engulfs the orc but does no damage.
The orc shouts!
The stinking cloud engulfs the orc priest but does no damage.
The stinking cloud engulfs the orc but does no damage.
The orc shouts!
You hear a howl!
You hear an angry hiss.
Casting: Mephitic Cloud (quite dangerous; 19% risk of failure)
Confirm with . or Enter, or press ? or * to list all spells.
The spell is extremely dangerous to miscast (36% risk of failure)!
Continue anyway?
You miscast Olgreb's Toxic Radiance.
You are very lightly contaminated with residual magic.
You feel incredibly sick!
You are poisoned.
You feel sick.
You closely miss the orc priest.
You feel sick. The orc hits you but does no damage.
The orc priest hits you with a +0 mace.
You hit the orc priest.
The orc priest is poisoned.
The orc priest is lightly wounded.
You feel sick. The orc barely misses you.
The orc priest hits you but does no damage.
You hit the orc priest.
Your tail-slap misses the orc priest.
The orc priest is heavily wounded.
You feel sick. The orc hits you but does no damage.
The orc priest hits you with a +0 mace.
You feel sick.
You are no longer poisoned.
The orc priest looks encouraged for a moment.
You hit the orc.
The orc is severely wounded.
You block the orc's attack.
The orc priest calls down the wrath of Beogh upon you.
Pain shoots through your body!
* * * LOW HITPOINT WARNING * * *
You hit the orc but do no damage.
The orc is poisoned.
The orc is severely wounded.
The orc hits you but does no damage. The orc closely misses you.
The orc priest calls down the wrath of Beogh upon you.
Beogh smites you!
You die...

.........
##....#..
#........
..>......
......##
.....#
#o>.#
#oo# #@o#
#..# ##.#
#.# . #.#
.# .#
##.#
..##.
#..##
##..
#...#
##.#
##..##


You could see an orc priest (very poisoned) and 3 orcs.

Vanquished Creatures
  An ice beast (D:5)
  A hound (D:5)
  2 orc priests (D:5)
  An iguana (D:5)
  4 adders
  4 gnolls (D:3)
  A worm (D:3)
  4 dart slugs
  9 orcs
  7 endoplasms
  2 giant cockroaches
  3 goblins
  13 hobgoblins
  2 jackals (D:1)
  7 kobolds
  4 quokkas
  2 ball pythons (D:3)
  8 bats
  4 frilled lizards
  3 rats
82 creatures vanquished.

Notes
Turn   | Place    | Note
-------+----------+-------------------------------------------
     0 | D:1      | testman the Demonspawn Venom Mage began the quest for the
                  | Orb.
     0 | D:1      | Reached XP level 1. HP: 13/13 MP: 3/3
    87 | D:1      | Reached skill level 1 in Transmutations
   180 | D:1      | Reached skill level 1 in Air Magic
   231 | D:1      | Gained mutation: You have a small tail. [demonic ancestry]
   231 | D:1      | Reached XP level 2. HP: 19/19 MP: 1/5
   237 | D:1      | Learned a level 2 spell: Poisonous Vapours
   303 | D:1      | You fall into a shaft and drop 1 floor!
   778 | D:2      | Reached skill level 1 in Conjurations
   797 | D:2      | Gained mutation: You are partially covered in icy blue
                  | scales. (AC +2) [demonic ancestry]
   797 | D:2      | Reached XP level 3. HP: 24/24 MP: 6/6
   801 | D:2      | Learned a level 3 spell: Mephitic Cloud
  1650 | D:3      | Found a sacrificial altar of Ru.
  1676 | D:3      | Gained mutation: A meltable shield of frost defends you.
                  | (SH +4) [demonic ancestry]
  1676 | D:3      | Reached XP level 4. HP: 30/30 MP: 7/7
  1699 | D:3      | Became a worshipper of Ru the Awakened
  2130 | D:3      | Gained mutation: You have a tail ending in a sharp stinger.
                  | [demonic ancestry]
  2130 | D:3      | Reached XP level 5. HP: 35/35 MP: 9/9
  2719 | D:4      | Found a burning altar of Makhleb.
  2727 | D:4      | Fell from the grace of Ru
  2727 | D:4      | Became a worshipper of Makhleb the Destroyer
  2967 | D:5      | Entered Level 5 of the Dungeon
  3035 | D:5      | Learned a level 4 spell: Olgreb's Toxic Radiance
  3116 | D:5      | Noticed an ice beast
  3158 | D:5      | Reached skill level 4 in Poison Magic
  3158 | D:5      | Reached skill level 1 in Invocations
  3185 | D:5      | Killed an ice beast
  3186 | D:5      | Gained mutation: You are mostly covered in icy blue scales.
                  | (AC +3) [demonic ancestry]
  3186 | D:5      | Reached XP level 6. HP: 41/41 MP: 11/11
  3421 | D:5      | Killed from afar by an orc priest

Illustrated notes

Levels and vault maps discovered:
D:1:      dpeg_arrival_three_bigger_balls, layout_rooms, serial_glass,
          glass_columns_a, glass_columns_c
D:2:      minmay_angry_zag, layout_basic, nicolae_titane
D:3:      layout_basic, nicolae_ru_sacrificial_ziggurat
D:4:      layout_loops_ring, overflow_temple_1_default
D:5:      layout_layer_cave, mainiacjoe_overflow_surrounded_room,
          minmay_temple_entry_fiery

Skill      XL: |  1  2  3  4  5  6 |
---------------+-------------------+-----
Transmutations | 1 |  1.0
Air Magic      | 1 2 |  2.6
Conjurations   | 1 2 |  2.8
Spellcasting   | 3 |  3.4
Poison Magic   | 4 |  4.3
Invocations    | 1 2 |  2.2
Dodging        | |  1.7
Stealth        | |  1.7

Action                     |  1- 3 |  4- 6 || total
---------------------------+-------+-------++-------
  Melee: Whip              |     8 |       ||     8
         Short sword       |    87 |    76 ||   163
         Punch             |     1 |     1 ||     2
         Tailslap          |     9 |    15 ||    24
   Cast: Sting             |    25 |    25 ||    50
         Poisonous Vapours |     4 |     2 ||     6
         Mephitic Cloud    |       |     2 ||     2
         Olgreb's Toxic Ra |       |     1 ||     1
 Invoke: Reject Sacrifices |       |     1 ||     1
    Use: Potion            |     1 |       ||     1
   Stab: Sleeping          |     3 |     2 ||     5
         Confused          |       |     1 ||     1
 Armour: Robe              |    18 |     7 ||    25
         Leather armour    |       |    22 ||    22
  Dodge: Dodged            |    80 |    35 ||   115
  Block: Other             |       |    11 ||    11

Table legend: (Time is in decaauts)
 A = Elapsed time spent in this place.
 B = Non-inter-level travel time spent in this place.
 C = Inter-level travel time spent in this place.
 D = Time resting spent in this place.
 E = Time spent auto-exploring this place.
 F = Levels seen in this place.
 G = Mean time per level.
                   A        B        C        D        E       F      G
               +--------+--------+--------+--------+--------+-----+--------+
         Total |   3416 |   3206 |    210 |      5 |   2571 |   5 |  683.2 |
       Dungeon |   3416 |   3206 |    210 |      5 |   2571 |   5 |  683.2 |
               +--------+--------+--------+--------+--------+-----+--------+

Top non-repeatable levels by time:
     D:3: 797 daAuts
     D:2: 797 daAuts
     D:1: 733 daAuts
     D:4: 634 daAuts
     D:5: 452 daAuts
